 Dungeon Crawl Stone Soup version 0.26-a0-812-g31a745ddcd (webtiles) character file.

Game seed: 8333860486666780264

4 Impeuri the Caller (level 1, -2/13 HPs)
             Began as a Demonspawn Summoner on Nov 13, 2020.
             Slain by an adder (5 damage)
             ... on level 2 of the Dungeon.
             The game lasted 00:00:54 (478 turns).

Impeuri the Caller (Demonspawn Summoner)             Turns: 478, Time: 00:00:55

Health: -2/13      AC:  2    Str:  8    XL:     1   Next: 58%
Magic:  0/3        EV: 12    Int: 16    God:
Gold:   31         SH:  0    Dex: 13    Spells: 3/4 levels left

rFire    . . .     SeeInvis .   (no weapon)
rCold    . . .     Faith    .   (no shield)
rNeg     . . .     Spirit   .   a - +0 robe
rPois    .         Reflect  .   (no helmet)
rElec    .         Harm     .   (no cloak)
rCorr    .         Rampage  .   (no gloves)
MR       .....                  (no boots)
Stlth    ++........             (no amulet)
HPRegen  0.04/turn              (no ring)
MPRegen  0.08/turn              (no ring)

@: lethally poisoned (-2 -> -7)
A: no striking features
a: no special abilities


You were on level 2 of the Dungeon.
You visited 1 branch of the dungeon, and saw 2 of its levels.

You collected 31 gold pieces.

Inventory:

Missiles
 g - 2 javelins (quivered)
Armour
 a - a +0 robe (worn)
Jewellery
 b - an uncursed amulet of magic regeneration {unknown}
Scrolls
 c - a scroll of enchant armour {unknown}
 e - a scroll of identify {unknown}
 f - 2 scrolls of blinking {unknown}
 h - a scroll of fog {unknown}
 i - a scroll of random uselessness {unknown}
Potions
 d - a potion of degeneration {unknown}
 j - a potion of flight {unknown}


   Skills:
 - Level 1.7 Dodging
 - Level 1.7 Stealth
 + Level 2.1 Spellcasting
 * Level 4.1 Summonings


You had 3 spell levels left.
You knew the following spells:

 Your Spells              Type           Power        Failure   Level
a - Summon Small Mammal   Summ           ###.         3%          1

Your spell library contained the following spells:

 Spells                   Type           Power        Failure   Level
 Call Imp                 Summ           ###.....     5%          2
 Call Canine Familiar     Summ           ###.....     11%         3
 Summon Guardian Golem    Hex/Summ       #.......     26%         3
 Summon Ice Beast         Ice/Summ       #.......     65%         4
 Summon Lightning Spire   Summ/Air       #.......     65%         4


Dungeon Overview and Level Annotations

Branches:
Dungeon (1/15)

Altars:


Message History

Your bat's corpse disappears in a puff of smoke!
Casting: Summon Small Mammal (safe; 3% risk of failure)
Confirm with . or Enter, or press ? or * to list all spells.
The adder bites you.
You are poisoned.
The adder poisons you!
Your rat barely misses the adder.
You barely miss the adder.
The adder is lightly wounded.
You feel sick. The adder misses you.
Your quokka closely misses the adder.
Your rat bites the adder.
You closely miss the adder.
The adder is lightly wounded.
The adder bites you.
Your quokka bites the adder.
Your rat closely misses the adder.
You barely miss the adder.
The adder is moderately wounded.
The adder bites you.
* * * LOW HITPOINT WARNING * * *
Your quokka misses the adder. The adder bites you.
You die...

#.# #.### ### #... ..#
#.## #.# ## ...## #.#
#.# ....###.# .. ##
.....##.# .#..##.
.....##.#########Sr.....
...#............@r.#
#.......############
#########


You could see an adder, a friendly quokka (summoned) and a friendly rat
(summoned).

Vanquished Creatures
  A giant cockroach (D:1)
  A ball python (D:1)
  A frilled lizard (D:1)
  2 rats (D:1)
5 creatures vanquished.

Vanquished Creatures (collateral kills)
  A rat (D:1)
1 creature vanquished.

Grand Total: 6 creatures vanquished

Notes
Turn   | Place    | Note
-------+----------+-------------------------------------------
     0 | D:1      | Impeuri the Demonspawn Summoner began the quest for the
                  | Orb.
     0 | D:1      | Reached XP level 1. HP: 13/13 MP: 3/3
   450 | D:1      | You fall into a shaft and drop 1 floor!
   478 | D:2      | Slain by an adder

Illustrated notes

Levels and vault maps discovered:
D:1:      onia_arrival_handbag, layout_basic, minivault_27, feat_on_display
D:2:      layout_loops_corners, minmay_stone_trees_small

Action                   || total
-------------------------++-------
Melee: Unarmed           ||    32
 Cast: Summon Small Mamm ||     5
 Stab: Sleeping          ||     3
Armor: Robe              ||     5
Dodge: Dodged            ||    15

Table legend: (Time is in decaauts)
 A = Elapsed time spent in this place.
 B = Non-inter-level travel time spent in this place.
 C = Inter-level travel time spent in this place.
 D = Time resting spent in this place.
 E = Time spent auto-exploring this place.
 F = Levels seen in this place.
 G = Mean time per level.
                   A        B        C        D        E       F      G
               +--------+--------+--------+--------+--------+-----+--------+
         Total |    477 |    477 |      0 |      0 |    393 |   2 |  238.5 |
       Dungeon |    477 |    477 |      0 |      0 |    393 |   2 |  238.5 |
               +--------+--------+--------+--------+--------+-----+--------+

Top non-repeatable levels by time:
     D:1: 450 daAuts
     D:2: 27 daAuts
